 Dungeon Crawl Stone Soup version 0.20.1-1-g8b1a95d (webtiles) character file.

712243 Gargoyl the Axe Maniac (level 27, 0/270 HPs)
             Began as a Minotaur Abyssal Knight on Oct 16, 2017.
             Was the Champion of Lugonu.
             Splashed by a yellow draconian's acid (13 damage)
             ... on level 5 of the Realm of Zot on Oct 18, 2017.
             The game lasted 03:46:45 (80237 turns).

Gargoyl the Axe Maniac (Minotaur Abyssal Knight)   Turns: 80237, Time: 03:46:46

Health: 0/270      AC: 34    Str: 30    XL:     27
Magic:  42/42      EV: 16    Int:  7    God:    Lugonu [******]
Gold:   7292       SH: 19    Dex: 24    Spells: 26/26 levels left

rFire    + + +     SeeInvis +   s - +9 war axe of Distraction {freeze, rC+}
rCold    + + +     Gourm    .   r - +3 warlock's mirror {reflect}
rNeg     + . .     Faith    .   X - +8 plate armour {MR+}
rPois    +         Spirit   .   i - +2 hat {SInv}
rElec    +         Reflect  +   H - scarf of Sauluoce {rElec rF+ Dex+5}
rCorr    .         Harm     .   t - +0 pair of gloves of Analysis {+Fly rF++ Dex-3 SInv}
MR       +++..     Clarity  +   V - +2 pair of boots
Stlth    ..........             N - amulet of Mocrebb {rPois Regen+ Dex+5}
Regen    1.0/turn               G - +4 ring of dexterity
MPRegen  0.3/turn               P - ring of Binea {rN+ MP+9 Str+3}

@: corroded, studying Dodging
A: retaliatory headbutt, horns 2, large bone plates 1, camouflage 1, blurry
vision 1, clarity, cold resistance 2, deterioration 1, dopey 1, low mp 1,
screaming 1, electricity resistance, MP-powered wands
}: 3/15 runes: barnacled, silver, gossamer
a: Depart the Abyss, Bend Space, Banish, Corrupt, Enter the Abyss, Brand Weapon
With Distortion, Renounce Religion, Evoke Flight


You were on level 5 of the Realm of Zot.
You worshipped Lugonu.
Lugonu was exalted by your worship.
You were not hungry.

You visited 12 branches of the dungeon, and saw 54 of its levels.
You visited the Abyss 1 time.
You also visited: Labyrinth and Wizlab.

You collected 8603 gold pieces.
You spent 1311 gold pieces at shops.

Inventory:

Hand Weapons
 l - a +4 war axe of draining
 s - the +9 war axe of Distraction (weapon) {freeze, rC+}
   (You found it on level 5 of the Vaults)

   It has been specially enchanted to freeze those struck by it, causing extra
   injury to most foes and up to half again as much damage against particularly
   susceptible opponents.
   It can also slow down cold-blooded creatures.
   It protects you from cold.
 F - a +0 broad axe of electrocution
 R - a +4 war axe of flaming
 Y - the +9 spear "Myrihud" {flame, rC+ Dex+4}
   (You found it on level 5 of the Vaults)

   It has been specially enchanted to burn those struck by it, causing extra
   injury to most foes and up to half again as much damage against particularly
   susceptible opponents.
   It affects your dexterity (+4).
   It protects you from cold.
Missiles
 u - 16 silver javelins (quivered)
Armour
 i - a +2 hat of see invisible (worn)
 r - the +3 warlock's mirror (worn) {reflect}
   (You acquired it on level 2 of the Vaults)
 t - the +0 pair of gloves of Analysis (worn) {+Fly rF++ Dex-3 SInv}
   (You found it on level 3 of the Lair of Beasts)

   It affects your dexterity (-3).
   It greatly protects you from fire.
   It lets you see invisible.
   It lets you fly.
 H - the scarf of Sauluoce (worn) {rElec rF+ Dex+5}
   (You acquired it on level 2 of the Shoals)

   It affects your dexterity (+5).
   It protects you from fire.
   It insulates you from electricity.
 K - a scarf of repulsion
 V - a +2 pair of boots (worn)
 X - a +8 plate armour of magic resistance (worn)
Jewellery
 w - an uncursed ring of protection from fire
 G - a +4 ring of dexterity (left hand)
 M - an uncursed ring of positive energy
 N - the amulet of Mocrebb (around neck) {rPois Regen+ Dex+5}
   (You found it in a labyrinth)

   [amulet of regeneration]

   It affects your dexterity (+5).
   It protects you from poison.
   It increases your rate of regeneration.
 P - the ring of Binea (right hand) {rN+ MP+9 Str+3}
   (You found it on level 3 of the Elven Halls)

   [ring of magical power]

   It affects your strength (+3).
   It protects you from negative energy.
   It affects your magic capacity (+9).
Wands
 a - a wand of digging (7/24)
Scrolls
 e - 2 scrolls of silence
 j - a scroll of fear
 k - 10 scrolls of magic mapping
 m - 9 scrolls of recharging
 n - 34 scrolls of remove curse
 q - 6 scrolls of teleportation
 C - 4 scrolls of identify
 D - 7 scrolls of fog
 S - 4 scrolls of blinking
 T - 4 scrolls of summoning
Potions
 b - a potion of haste
 d - 13 potions of curing
 f - a potion of berserk rage
 o - 7 potions of agility
 p - 3 potions of magic
 v - 8 potions of might
 x - 3 potions of ambrosia
 z - 7 potions of invisibility
 A - 12 potions of flight
 B - a potion of resistance
 E - 5 potions of brilliance
 Q - a potion of heal wounds
 W - 3 potions of cancellation
Books
 y - a manual of Dodging
Comestibles
 c - 16 bread rations
 g - 64 fruits
 h - 23 royal jellies
 O - 19 meat rations


   Skills:
 + Level 26.5 Fighting
 O Level 27 Axes
 + Level 10.8(20.7) Polearms
 + Level 1.1 Throwing
 * Level 26.4 Armour
 + Level 8.7 Dodging
 - Level 1.5 Stealth
 + Level 26.3 Shields
 * Level 22.0 Invocations


You had 26 spell levels left.
You didn't know any spells.

Dungeon Overview and Level Annotations

Branches:
Dungeon (15/15)            Temple (0/1) D:6            Lair (6/6) D:9
 Shoals (4/4) Lair:2       Spider (4/4) Lair:2        Slime (1/5) Lair:6
    Orc (2/2) D:10            Elf (3/3) Orc:2        Vaults (5/5) D:13
  Crypt (3/3) Vaults:2       Tomb (1/3) Crypt:3      Depths (5/5) D:15
    Zot (5/5) Depths:5

Altars:
Elyvilon
Hepliaklqana
Nemelex Xobeh
Qazlal
Trog
Xom
Yredelemnul
Beogh
Jiyva

Shops:
D:6 *   D:9 }=?   Orc:1 :   Orc:2 !?((   Vaults:1 =   Vaults:4 :
Depths:1 }==*   Depths:4 }   Depths:5 [:

Portals:
Hell: Depths:1 Depths:2 Depths:3 Depths:4 Depths:5
Abyss: Depths:1 Depths:4
Pandemonium: Depths:3
Ziggurat: Depths:4

Annotations:
Lair:1 exclusion: 3 oklob plants
Lair:3 corrupted
Elf:2 1 runed door
Vaults:5 corrupted


Innate Abilities, Weirdness & Mutations

You reflexively headbutt those who attack you in melee.
You have a pair of horns on your head.
You are partially covered in large bone plates. (SH +4)
Your skin changes colour to match your surroundings (Stealth+).
Scrolls take you a little longer to read.
You possess an exceptional clarity of mind.
Your flesh is very cold resistant. (rC++)
Your body sometimes deteriorates upon taking damage.
You are dopey. (Int -2)
Your magical capacity is low. (-10% MP)
You occasionally shout uncontrollably at your foes.
You are resistant to electric shocks. (rElec)
You expend magic power (3 MP) to strengthen your wands.


Message History

You headbutt the Orb Guardian, but do no damage.
You completely miss the Orb Guardian. You headbutt the Orb Guardian.
The Orb Guardian is severely wounded.
You slice the Orb Guardian!! You freeze the Orb Guardian.
You slice the Orb Guardian!! You freeze the Orb Guardian.
You kill the Orb Guardian!
Lugonu accepts your kill.
You block the yellow draconian's attack.
You block the Orb Guardian's attack. The Orb Guardian hits you!
* * * LOW HITPOINT WARNING * * *
You closely miss the Orb Guardian.
The Orb Guardian is severely wounded.
You miss the Orb Guardian. You block the Orb Guardian's attack.
The Orb Guardian hits you!!
* * * LOW HITPOINT WARNING * * *
The yellow draconian throws acid at you.
The glob of acid hits you!
* * * LOW HITPOINT WARNING * * *
You are splashed with acid!
The acid burns!
You die...

▓▓▓ ▓▓▓...
▓▓▓......
▓▓........
▓...d.....
▓.........
▓.@X......
▓X........
...........
...▓.........
....▓▓.........
...▓ ▓.........
▓▓▓ #.........
##........


You could see a yellow draconian and 2 Orb Guardians.

Vanquished Creatures
  11 ancient liches
  2 orbs of fire
  Mara (Crypt:2)
  2 juggernauts
  Boris (Depths:3)
  Bai Suzhen (Shoals:4)
  The ghost of Jotun the Brawler, a veteran TrMo of Okawaru (Vaults:2)
  4 curse toes
  A caustic shrike (Depths:4)
  9 golden dragons
  the Enchantress (Depths:1)
  A profane servitor (Crypt:3)
  A Hellbinder (WizLab)
  Jory (Vaults:4)
  3 bone dragons
  4 electric golems
  8 liches
  19 tentacled monstrosities
  13 Orb Guardians (Zot:5)
  10 titans
  2 deep elf blademasters
  11 quicksilver dragons
  A kraken (Shoals:3)
  2 acid blobs (Slime:1)
  10 sphinxes
  The ghost of Jotun the Brawler, an adept TrMo of Nemelex Xobeh (Shoals:2)
  11 death cobs
  The ghost of Timinator the Fighter, an adept DrFE of Kikubaaqudgha (Elf:2)
  8 tengu reavers
  Kirke (D:14)
  Agnes (D:14)
  18 shadow dragons
  6 ancient champions
  14 storm dragons
  Donald (Shoals:4)
  5 draconian monks
  4 revenants
  Ilsuiw (Shoals:3)
  19 fire giants
  8 ghost moths
  8 draconian knights
  12 frost giants
  6 deep elf sorcerers
  5 emperor scorpions
  8 draconian shifters
  16 vault wardens
  4 iron dragons
  7 draconian scorchers
  2 curse skulls
  9 deep elf elementalists
  An orc warlord (Orc:2)
  Louise (Spider:3)
  7 ghouls
  A cacodemon (WizLab)
  A reaper (Crypt:2)
  The ghost of Thyrion the Destroyer, a journeyman DrCj of Sif Muna (Elf:1)
  4 draconian stormcallers
  8 entropy weavers
  7 ironheart preservers
  A draconian annihilator (Zot:5)
  3 spriggan defenders (D:15)
  2 war gargoyles
  A caustic shrike skeleton (Depths:1)
  9 vampire knights
  23 very ugly things
  30 stone giants
  20 green draconians
  6 black draconians
  9 deep elf demonologists
  11 purple draconians
  17 yellow draconians
  10 deep elf annihilators
  8 white draconians
  4 merfolk javelineers
  9 red draconians
  A crystal guardian (Vaults:4)
  5 spark wasps
  The ghost of Gargoyl the Protected, a journeyman MiAK of Lugonu (Lair:5)
  12 deep elf death magi
  A green death (WizLab)
  15 ettins
  A minotaur (Lab)
  3 mummy priests (Tomb:1)
  9 fire dragons
  9 merfolk impalers
  3 eidola
  13 ogre magi
  6 deep elf high priests
  19 jiangshi
  21 yaktaur captains
  10 ice dragons
  7 great orbs of eyes
  6 spriggan air magi
  4 rakshasas
  A hell beast (WizLab)
  23 vault guards
  4 alligator snapping turtles
  5 merfolk avatars
  8 merfolk aquamancers
  6 death knights
  47 two-headed ogres
  A queen ant (Spider:2)
  11 centaur warriors
  33 dancing weapons
  5 death yaks
  2 satyrs (Shoals:4)
  A satyr (shapeshifter) (Vaults:2)
  17 tengu warriors
  5 deep troll earth magi
  5 deep troll shamans
  6 death scarabs (Tomb:1)
  2 hell hogs (Depths:1)
  11 vampire magi
  2 sun demons (WizLab)
  7 spriggan berserkers
  6 small abominations
  An orc high priest (Elf:3)
  5 soul eaters
  21 deep elf knights
  26 deep trolls
  10 hell knights
  32 skeletal warriors
  7 shadow wraiths
  A golden dragon zombie (Depths:1)
  17 sea snakes
  A deep troll (shapeshifter) (Vaults:4)
  A spark wasp zombie (Depths:3)
  2 unseen horrors
  11 flayed ghosts
  3 large abominations
  A death drake (shapeshifter) (Depths:3)
  14 deep elf archers
  9 phantasmal warriors
  6 glowing orange brains
  8 wizards
  A lindwurm (Lair:6)
  14 orc knights
  A golden dragon skeleton (Crypt:2)
  21 orb spiders
  An iron dragon zombie (Depths:3)
  11 ironbrand convokers
  10 necromancers
  15 orc sorcerers
  39 wolf spiders
  19 harpies
  66 deep elf magi
  A frost giant zombie (D:15)
  An oklob plant (Shoals:1)
  A fire giant zombie (Depths:3)
  A spectral ettin (Crypt:3)
  46 ugly things
  2 sphinx skeletons
  A salamander (shapeshifter) (D:15)
  19 fauns
  12 cyclopes
  4 elephants (Lair:6)
  19 moths of wrath
  14 manticores
  15 merfolk sirens
  A stone giant skeleton (Vaults:2)
  3 centaur zombies
  2 iron dragon skeletons (Depths:3)
  A rust devil (WizLab)
  A water nymph (shapeshifter) (Depths:2)
  6 black mambas
  3 water nymphs
  A naga mage (Depths:1)
  A spiny frog (shapeshifter) (Vaults:5)
  2 gargoyles
  20 vault sentinels
  5 orange demons (WizLab)
  A yaktaur zombie (Vaults:3)
  A dire elephant skeleton (Crypt:1)
  14 spiny frogs
  4 rime drakes
  A black draconian zombie (Crypt:1)
  5 spectral swamp worms (Depths:3)
  An efreet (D:14)
  A hellion (WizLab)
  19 demonic crawlers
  A tormentor (WizLab)
  50 yaktaurs
  2 purple draconian skeletons (Crypt:2)
  8 komodo dragons
  An anaconda simulacrum (Tomb:1)
  9 guardian mummies
  2 ice devils (WizLab)
  10 freezing wraiths
  A meliai (D:13)
  2 polar bears (shapeshifter)
  A queen bee (shapeshifter) (Depths:2)
  3 tengu conjurers
  A jumping spider (shapeshifter) (Vaults:1)
  A tengu simulacrum (Vaults:3)
  A yaktaur skeleton (Vaults:3)
  36 merfolk
  30 jumping spiders
  A wolf spider simulacrum (Crypt:1)
  6 polar bears
  6 trolls
  A wind drake (shapeshifter) (Depths:2)
  Grinder (D:3)
  2 harpy skeletons
  17 hornets
  14 blink frogs
  A deep troll zombie (Depths:1)
  8 wind drakes
  35 slime creatures
  A blink frog (shapeshifter) (Vaults:4)
  2 bog bodies (Crypt:1)
  A stone giant simulacrum (Vaults:2)
  2 fire dragon zombies
  14 snapping turtles
  2 dream sheep (Shoals:2)
  A fire giant simulacrum (Depths:2)
  15 hippogriffs
  A frost giant simulacrum (Crypt:3)
  A spriggan (shapeshifter) (Vaults:4)
  An ettin skeleton (D:15)
  9 air elementals
  80 redbacks
  6 spriggans
  76 flying skulls
  A centaur simulacrum (D:15)
  22 water elementals
  A deep troll skeleton (Depths:1)
  33 tarantellas
  An ushabti (Tomb:1)
  12 wraiths
  2 vampires
  A hog (shapeshifter) (Vaults:1)
  5 wyverns
  4 fire bats (Depths:5)
  5 shadows
  A spriggan skeleton (D:15)
  4 hogs
  A human (shapeshifter) (Vaults:2)
  3 hungry ghosts
  32 yaks
  A fire elemental (Elf:1)
  2 basilisks
  5 vampire mosquitoes (D:15)
  5 human simulacra
  A merfolk zombie (Crypt:2)
  19 soldier ants
  11 wargs
  15 water moccasins
  9 hell hounds (Depths:1)
  A two-headed ogre zombie (Crypt:2)
  6 acid dragons
  2 floating eyes
  A water moccasin (shapeshifter) (Vaults:3)
  8 porcupines
  5 ice beasts
  A torturous demonspawn skeleton (Crypt:1)
  A two-headed ogre skeleton (Crypt:2)
  26 ogres
  2 eyes of draining (shapeshifter)
  30 orc warriors
  A sky beast (shapeshifter) (Depths:3)
  3 human zombies
  An eye of draining (Slime:1)
  4 sky beasts
  10 necrophages
  4 phantoms
  A swamp dragon skeleton (Crypt:2)
  13 boggarts
  3 wolves (Lair:3)
  13 crocodiles
  The ghost of Dickchan the Insei, an amateur MfTm (D:3)
  22 centaurs
  An elf skeleton (Vaults:2)
  2 big kobolds
  13 bullfrogs
  An octopode zombie (Crypt:1)
  3 earth elementals (Elf:2)
  A glowing shapeshifter simulacrum (Depths:2)
  2 human skeletons
  2 wyvern skeletons
  3 scorpions
  3 killer bees (D:10)
  A polar bear skeleton (Crypt:1)
  18 wights
  5 howler monkeys
  2 electric eels (Lair:1)
  4 crimson imps
  2 lava snakes (Lab)
  A quasit (D:9)
  Crazy Yiuf (D:3)
  3 bullfrog zombies
  5 centaur skeletons
  4 hounds
  3 jellies
  52 orc wizards
  4 bullfrog skeletons
  2 gnoll shamans
  17 orc priests
  An iron imp (Depths:4)
  Jessica (D:2)
  A demonspawn skeleton (Crypt:1)
  Terence (D:3)
  3 iguanas
  2 hell rats (Lair:4)
  A spriggan simulacrum (Crypt:3)
  38 worker ants
  A felid zombie (Crypt:1)
  A crocodile skeleton (Crypt:2)
  A hound skeleton (D:10)
  4 mummies (Tomb:1)
  A worker ant zombie (D:7)
  Robin (D:3)
  15 gnolls
  A howler monkey zombie (D:8)
  11 adders
  An adder (shapeshifter) (Depths:3)
  6 river rats (Lair:4)
  A shadow imp (D:5)
  5 oozes
  2 adder skeletons
  A worm (D:3)
  A dart slug (D:1)
  9 leopard geckos
  116 orcs
  10 giant cockroaches
  8 goblins
  12 hobgoblins
  7 jackals
  9 kobolds
  6 quokkas
  2 ball pythons
  4 bats
  A frilled lizard (D:2)
  A hobgoblin zombie (Crypt:1)
  A jackal skeleton (D:9)
  2 jackal zombies
  A quokka skeleton (Crypt:2)
  6 rats
  9 crawling corpses
  2 fungi (D:7)
  13 plants
  2 tentacles (Shoals:3)
  A withered plant (D:15)
2743 creatures vanquished.

Vanquished Creatures (collateral kills)
  A red draconian (Zot:1)
1 creature vanquished.

Vanquished Creatures (others)
  A deep elf master archer (Elf:3)
  A storm dragon (Vaults:5)
  A tengu reaver (Vaults:3)
  4 vault wardens
  A deep elf sorcerer (Elf:3)
  A deep elf elementalist (Elf:3)
  A ghoul (Vaults:2)
  3 stone giants
  2 vampire knights (Depths:3)
  A deep elf demonologist (WizLab)
  A yellow draconian (Zot:5)
  A yaktaur captain (Vaults:4)
  A merfolk impaler (Shoals:4)
  A merfolk javelineer (Shoals:4)
  6 hydras
  7 vault guards
  A spriggan air mage (Depths:3)
  2 centaur warriors
  A death knight (Vaults:2)
  A satyr (Shoals:3)
  2 merfolk aquamancers
  A spriggan berserker (Depths:2)
  A deep elf knight (Vaults:4)
  A deep troll (Depths:3)
  A hell knight (Crypt:3)
  2 deep elf archers
  A naga ritualist (Depths:1)
  A harpy (Shoals:4)
  A manticore (Shoals:4)
  A vault sentinel (Vaults:2)
  16 yaktaurs
  A tengu conjurer (Depths:4)
  A wind drake (Shoals:4)
  2 meliai (D:13)
  An air elemental (Depths:4)
  3 humans (D:15)
  A porcupine (Lair:3)
  A boggart (Depths:3)
  2 centaurs (Depths:1)
  2 ogres
  A bullfrog (Lair:3)
  2 lava snakes (Lab)
  An orc wizard (Orc:2)
  2 crawling corpses (Vaults:5)
  23 fungi
  21 plants
  3 tentacles (Shoals:3)
  7 withered plants (D:15)
140 creatures vanquished.

Grand Total: 2884 creatures vanquished

Notes
Turn   | Place    | Note
-------+----------+-------------------------------------------
     0 | Abyss:1  | Gargoyl the Minotaur Abyssal Knight began the quest for the Orb.
     0 | Abyss:1  | Reached XP level 1. HP: 19/19 MP: 1/1
    89 | Abyss:2  | Noticed a flying skull
    90 | Abyss:2  | Noticed a thrashing horror
    94 | D:1      | Escaped the Abyss
   517 | D:1      | Reached XP level 2. HP: 14/27 MP: 2/2
   572 | D:1      | Reached * piety under Lugonu
   805 | D:1      | Reached skill level 1 in Polearms
  1220 | D:2      | Noticed Jessica
  1225 | D:2      | Killed Jessica
  1225 | D:2      | Reached XP level 3. HP: 8/33 MP: 3/3
  1512 | D:2      | Reached XP level 4. HP: 26/41 MP: 4/4
  2470 | D:3      | Noticed Terence
  2478 | D:3      | Killed Terence
  2482 | D:3      | Reached ** piety under Lugonu
  2497 | D:3      | Reached XP level 5. HP: 43/47 MP: 5/5
  2674 | D:3      | Found a shimmering altar of Xom.
  2770 | D:3      | Noticed Dickchan's ghost (amateur MfTm)
  2781 | D:3      | Killed Dickchan's ghost
  2781 | D:3      | Reached skill level 5 in Fighting
  2781 | D:3      | Reached XP level 6. HP: 39/56 MP: 6/6
  2801 | D:3      | Noticed Robin
  3100 | D:3      | Killed Robin
  3206 | D:3      | Noticed Grinder
  3211 | D:3      | Paralysed by Grinder for 3 turns
  3222 | D:3      | Paralysed by Grinder for 6 turns
  3231 | D:3      | Killed Grinder
  3231 | D:3      | Reached skill level 5 in Polearms
  3231 | D:3      | Reached skill level 5 in Armour
  3231 | D:3      | Reached XP level 7. HP: 35/61 MP: 7/7
  3372 | D:3      | Found a runed door.
  3732 | D:3      | Noticed Crazy Yiuf
  3737 | D:3      | Killed Crazy Yiuf
  3823 | D:4      | Gained mutation: Armour fits poorly on your strangely shaped body. [potion of mutation]
  3823 | D:4      | Gained mutation: Your system is resistant to poisons. (rPois) [potion of mutation]
  3824 | D:4      | Lost mutation: Armour fits poorly on your strangely shaped body. [potion of mutation]
  3824 | D:4      | Lost mutation: Your system is resistant to poisons. (rPois) [potion of mutation]
  3824 | D:4      | Gained mutation: You expend magic power (3 MP) to strengthen your wands. [potion of mutation]
  3824 | D:4      | Gained mutation: You are partially covered in thin metallic scales. (AC +2) [potion of mutation]
  4341 | D:5      | Entered Level 5 of the Dungeon
  4344 | D:5      | Reached *** piety under Lugonu
  4862 | D:5      | Reached skill level 1 in Stealth
  4862 | D:5      | Reached skill level 1 in Shields
  4862 | D:5      | Reached XP level 8. HP: 40/70 MP: 8/8
  5191 | D:6      | Found Sonaj's General Store.
  5197 | D:6      | Found a staircase to the Ecumenical Temple.
  5919 | D:7      | Reached **** piety under Lugonu
  6283 | D:7      | Got a clouded granite ring
  6345 | D:7      | Identified the ring "Dues" {Ice Str+3 Int+3} (You found it on level 7 of the Dungeon)
  6559 | D:7      | Reached XP level 9. HP: 54/79 MP: 9/9
  6957 | D:6      | Reached skill level 10 in Polearms
  7458 | D:7      | Reached skill level 3 in Axes
  7977 | D:8      | Reached skill level 4 in Axes
  8320 | D:8      | Found Pieprujo's Distillery.
  8618 | D:8      | Reached XP level 10. HP: 67/91 MP: 10/10
  8763 | D:8      | Reached skill level 5 in Axes
  9112 | D:9      | Reached ***** piety under Lugonu
  9267 | D:9      | Found Foemuen's Magic Scroll Shop.
  9334 | D:9      | Found Haore's Gadget Emporium.
  9397 | D:9      | Reached skill level 6 in Axes
  9682 | D:9      | Found Rucunyu's Jewellery Boutique.
  9725 | D:9      | Found a staircase to the Lair.
  9732 | D:9      | Bought a +4 ring of strength for 405 gold pieces
  9952 | Lair:1   | Entered Level 1 of the Lair of Beasts
  9979 | Lair:1   | Noticed a black mamba
  9992 | Lair:1   | Killed a black mamba
 10334 | Lair:1   | Reached skill level 7 in Axes
 10490 | Lair:1   | Noticed a spiny frog
 10494 | Lair:1   | Noticed a spiny frog
 10497 | Lair:1   | Killed a spiny frog
 10497 | Lair:1   | Reached skill level 10 in Fighting
 10499 | Lair:1   | Killed a spiny frog
 10613 | Lair:1   | Noticed a black mamba
 10614 | Lair:1   | Noticed a spiny frog
 10624 | Lair:1   | Killed a black mamba
 10665 | Lair:1   | Reached skill level 8 in Axes
 10677 | Lair:1   | Killed a spiny frog
 10679 | Lair:1   | Reached XP level 11. HP: 35/101 MP: 11/11
 11433 | Lair:1   | Reached skill level 9 in Axes
 11691 | Lair:1   | Noticed an oklob plant
 11692 | Lair:1   | Noticed an oklob plant
 11694 | Lair:1   | Noticed an oklob plant
 12211 | Lair:2   | Reached skill level 5 in Shields
 12279 | Lair:2   | Reached skill level 10 in Axes
 12359 | Lair:2   | Reached skill level 10 in Armour
 12665 | Lair:2   | Found a hole to the Spider Nest.
 12891 | Lair:2   | Found a staircase to the Shoals.
 13201 | Lair:3   | Found a white marble altar of Elyvilon.
 13266 | Lair:3   | Noticed an eight-headed hydra
 13320 | Lair:4   | Reached skill level 11 in Axes
 14238 | Lair:4   | Reached XP level 12. HP: 110/110 MP: 12/12
 14439 | Lair:5   | Noticed Gargoyl's ghost (journeyman MiAK)
 14469 | Lair:5   | Killed Gargoyl's ghost
 15096 | Lair:5   | Got a pitted marble ring
 15098 | Lair:5   | Identified the ring "Istiwoc" {Fire Int+4 Dex+5} (You found it on level 5 of the Lair of Beasts)
 15196 | Lair:5   | Reached skill level 12 in Axes
 15732 | Lair:5   | Noticed a death yak
 15733 | Lair:5   | Noticed a four-headed hydra
 15738 | Lair:5   | Banished a six-headed hydra
 15743 | Lair:5   | Killed a death yak
 15835 | Lair:5   | Noticed a six-headed hydra
 16197 | Lair:5   | Banished a six-headed hydra
 16255 | Lair:5   | Noticed an eight-headed hydra
 16262 | Lair:5   | Banished an eight-headed hydra
 16359 | Lair:6   | Entered Level 6 of the Lair of Beasts
 16360 | Lair:6   | Found a labyrinth entrance.
 16398 | Lab      | Entered a labyrinth
 17200 | Lab      | Noticed a minotaur
 17211 | Lab      | Killed a minotaur
 17217 | Lab      | Identified the Papyrus of Freezing Black Rituals
 17218 | Lab      | Got a scorched ivory amulet
 17342 | Lair:6   | Reached skill level 5 in Invocations
 17343 | Lair:6   | Noticed a merfolk avatar
 17345 | Lair:6   | Noticed an eight-headed hydra
 17347 | Lair:6   | Banished an eight-headed hydra
 17386 | Lair:6   | Found a viscous altar of Jiyva.
 17420 | Lair:6   | Found a staircase to the Slime Pits.
 17738 | Lair:6   | Reached XP level 13. HP: 58/118 MP: 16/16
 17766 | Lair:6   | Reached skill level 13 in Axes
 18192 | Lair:6   | Identified the amulet of Mocrebb {rPois Regen+ Dex+5} (You found it in a labyrinth)
 18948 | Lair:3   | Corrupted Lair:3
 18948 | Lair:3   | Noticed a cyan very ugly thing
 19021 | Lair:3   | Got a pair of shimmering gloves
 19032 | Lair:3   | Identified the +0 pair of gloves of Analysis {+Fly rF++ Dex-3 SInv} (You found it on level 3 of the Lair of Beasts)
 19844 | D:10     | Entered Level 10 of the Dungeon
 20091 | D:10     | Found a bloodstained altar of Trog.
 20488 | D:10     | Found a staircase to the Orcish Mines.
 21177 | D:11     | Reached skill level 14 in Axes
 21315 | D:11     | Gained mutation: Your magical capacity is low. (-10% MP) [mutagenic meat]
 21316 | D:11     | Gained mutation: You have a pair of large horns on your head. [mutagenic meat]
 21593 | D:12     | Got a brightly glowing flail
 21594 | D:12     | Identified the +6 flail "Amnycr Ygri" {freeze, Int+4} (You found it on level 12 of the Dungeon)
 22046 | D:12     | Lost mutation: Your magical capacity is low. (-10% MP) [mutagenic meat]
 22047 | D:12     | Gained mutation: You possess an exceptional clarity of mind. [mutagenic meat]
 22048 | D:12     | Gained mutation: You are resistant to hostile enchantments. (MR+) [mutagenic meat]
 22617 | D:13     | Reached XP level 14. HP: 70/127 MP: 18/18
 23030 | D:13     | Found a gate to the Vaults.
 23627 | D:14     | Found a sparkling altar of Nemelex Xobeh.
 23698 | D:14     | Reached skill level 15 in Axes
 24096 | D:14     | Noticed Agnes
 24110 | D:14     | Killed Agnes
 24110 | D:14     | HP: 5/129 [poisoned by Agnes]
 24257 | D:14     | Identified a scroll of acquirement
 24282 | D:14     | Reached skill level 15 in Armour
 24636 | D:15     | Entered Level 15 of the Dungeon
 24636 | D:15     | Found a staircase to the Depths.
 24636 | D:15     | Noticed Kirke
 24990 | D:15     | Noticed a sphinx
 24991 | D:15     | Reached ****** piety under Lugonu
 25018 | D:14     | Killed Kirke
 25118 | D:15     | Reached XP level 15. HP: 111/137 MP: 20/20
 25585 | Orc:1    | Entered Level 1 of the Orcish Mines
 25667 | Orc:1    | Found a roughly hewn altar of Beogh.
 25707 | Orc:1    | Found Xushreg's Book Boutique.
 25818 | Orc:2    | Entered Level 2 of the Orcish Mines
 25932 | Orc:2    | Found a staircase to the Elven Halls.
 26030 | Orc:1    | Noticed an orc warlord
 26081 | Orc:2    | Killed an orc warlord
 26446 | Orc:2    | Reached skill level 16 in Axes
 26453 | Orc:2    | Found Ceskeun's Distillery.
 26453 | Orc:2    | Found Daam's Magic Scroll Emporium.
 26592 | Orc:2    | Bought a potion of heal wounds for 75 gold pieces
 26685 | Orc:2    | Bought a scroll of teleportation for 45 gold pieces
 27350 | Orc:2    | Found a roughly hewn altar of Beogh.
 27489 | Orc:2    | Found Haocram's Weapon Emporium.
 27523 | Orc:2    | Found Jyikieri's Weapon Boutique.
 27793 | Spider:1 | Entered Level 1 of the Spider Nest
 28066 | Spider:1 | Reached skill level 10 in Shields
 28148 | Spider:1 | Found a runed door.
 28237 | Spider:1 | Reached skill level 10 in Invocations
 28851 | Spider:1 | Got a bloodstained chain mail
 28852 | Spider:1 | Identified the cursed +0 chain mail "Anylum" {rC- rN+ Slay+3} (You found it on level 1 of the Spider Nest)
 29631 | Spider:2 | Reached XP level 16. HP: 124/147 MP: 22/22
 30261 | Spider:2 | Reached skill level 15 in Fighting
 30810 | Spider:3 | Noticed Louise
 30835 | Spider:3 | Killed Louise
 31113 | Spider:3 | Reached skill level 17 in Axes
 31782 | Spider:3 | Reached skill level 5 in Dodging
 32237 | Spider:4 | Entered Level 4 of the Spider Nest
 33269 | Spider:4 | Reached XP level 17. HP: 147/158 MP: 0/24
 34084 | Spider:4 | Gained mutation: Your skin changes colour to match your surroundings (Stealth+). [mutagenic meat]
 34085 | Spider:4 | Gained mutation: You are dopey. (Int -2) [mutagenic meat]
 34086 | Spider:4 | Gained mutation: Your flesh is cold resistant. (rC+) [mutagenic meat]
 34087 | Spider:4 | Lost mutation: You expend magic power (3 MP) to strengthen your wands. [mutagenic meat]
 34229 | Spider:4 | Got a gossamer rune of Zot
 34575 | Vaults:1 | Entered Level 1 of the Vaults
 35034 | Vaults:1 | HP: 7/159 [orc knight/halberd (31)]
 35910 | Vaults:1 | Found Futyb's Jewellery Shoppe.
 35932 | Vaults:1 | Bought a +5 ring of strength for 576 gold pieces
 35932 | Vaults:1 | Bought an uncursed ring of see invisible for 210 gold pieces
 36842 | Vaults:2 | Reached XP level 18. HP: 168/168 MP: 26/26
 36892 | Vaults:2 | Gained mutation: You are resistant to electric shocks. (rElec) [mutagenic meat]
 36893 | Vaults:2 | Gained mutation: Your spells are a little easier to cast, but a little less powerful. [mutagenic meat]
 36894 | Vaults:2 | Gained mutation: Your flesh is very cold resistant. (rC++) [mutagenic meat]
 36895 | Vaults:2 | Gained mutation: You evolve. [mutagenic meat]
 36896 | Vaults:2 | Gained mutation: Your flesh is heat resistant. (rF+) [mutagenic meat]
 36898 | Vaults:2 | Gained mutation: You do not regenerate when monsters are visible. [mutagenic meat]
 37196 | Orc:2    | Gained mutation: You are agile. (Dex +2) [evolution]
 37196 | Orc:2    | Lost mutation: You evolve. [end of evolution]
 37235 | Orc:2    | Lost mutation: You do not regenerate when monsters are visible. [potion of mutation]
 37235 | Orc:2    | Lost mutation: Your spells are a little easier to cast, but a little less powerful. [potion of mutation]
 37235 | Orc:2    | Lost mutation: You are agile. (Dex +2) [potion of mutation]
 37235 | Orc:2    | Lost mutation: You have a pair of large horns on your head. [potion of mutation]
 37235 | Orc:2    | Lost mutation: You are partially covered in thin metallic scales. (AC +2) [potion of mutation]
 37235 | Orc:2    | Lost mutation: Your flesh is heat resistant. (rF+) [potion of mutation]
 37235 | Orc:2    | Gained mutation: You are partially covered in large bone plates. (SH +4) [potion of mutation]
 37669 | Vaults:2 | Found a staircase to the Crypt.
 37809 | Vaults:2 | Reached skill level 18 in Axes
 37833 | Vaults:2 | Noticed Jotun's ghost (veteran TrMo)
 37877 | Vaults:2 | Killed Jotun's ghost
 40133 | Vaults:3 | Reached XP level 19. HP: 174/179 MP: 12/28
 40885 | Vaults:4 | Reached skill level 19 in Axes
 41250 | Vaults:4 | Reached skill level 15 in Shields
 42294 | Vaults:4 | Reached XP level 20. HP: 56/189 MP: 29/29
 42309 | Vaults:4 | HP: 12/283 [vault guard/war axe[a vault warden] (11)]
 42815 | Vaults:4 | Found Dugin's Book Shop.
 42971 | Vaults:5 | Entered Level 5 of the Vaults
 42972 | Vaults:5 | Corrupted Vaults:5
 42979 | Vaults:5 | Noticed a golden dragon
 43483 | Elf:1    | Entered Level 1 of the Elven Halls
 43696 | Elf:1    | Identified the Papyrus of Companions
 44188 | Elf:1    | Reached skill level 15 in Invocations
 44459 | Elf:1    | Noticed Thyrion's ghost (journeyman DrCj)
 44474 | Elf:1    | Killed Thyrion's ghost
 44800 | Elf:2    | Noticed Timinator's ghost (adept DrFE)
 44825 | Elf:2    | Killed Timinator's ghost
 44830 | Elf:2    | Found a runed door.
 44853 | Elf:2    | Found a runed door.
 45108 | Elf:2    | Got a twisted cloak
 45109 | Elf:2    | Identified the +2 cloak of Caqask {rPois rC+ MP+9 Dex+3} (You found it on level 2 of the Elven Halls)
 45334 | Elf:2    | Reached skill level 20 in Axes
 45845 | Elf:3    | Entered Level 3 of the Elven Halls
 45921 | Elf:3    | Found Konwua's Jewellery Boutique.
 46237 | Elf:3    | Reached XP level 21. HP: 150/199 MP: 31/31
 46996 | Elf:3    | Got a dazzling hand axe {vamp}
 47034 | Elf:3    | Identified the +4 hand axe of Winter {vamp, rF+ MR- Int+4 Dex+3} (You took it off a deep elf sorcerer on level 3 of the Elven Halls)
 47066 | Elf:3    | Identified Sif Muna's Almanac of Ashen Enhancements
 47093 | Elf:3    | Got an ancient wooden ring
 47096 | Elf:3    | Identified the Incunabulum of Icy Dark Rites
 47125 | Elf:3    | Identified the ring of Binea {rN+ MP+9 Str+3} (You found it on level 3 of the Elven Halls)
 47264 | Elf:3    | Got a scorched silver amulet
 47306 | Elf:3    | Identified the amulet of Doors {Reflect rN+ SH+4 Stlth+} (You found it on level 3 of the Elven Halls)
 47722 | Shoals:1 | Entered Level 1 of the Shoals
 48006 | Shoals:1 | Found a stormy altar of Qazlal.
 48728 | Shoals:2 | Noticed Jotun's ghost (adept TrMo)
 48761 | Shoals:2 | Killed Jotun's ghost
 48908 | Shoals:2 | Got a translucent scarf
 48921 | Shoals:2 | Identified the scarf of Sauluoce {rElec rF+ Dex+5} (You acquired it on level 2 of the Shoals)
 50557 | Shoals:4 | Entered Level 4 of the Shoals
 50586 | Shoals:4 | Reached skill level 1 in Throwing
 51054 | Shoals:4 | Noticed Donald
 51065 | Shoals:4 | Killed Donald
 51067 | Shoals:4 | Got a translucent shield {Donald}
 51068 | Shoals:4 | Identified the +5 shield of the Beekeeper {*Drain +Blink rF+ Dex+4} (You took it off Donald on level 4 of the Shoals)
 51152 | Shoals:4 | Got a faintly glowing bone ring
 51153 | Shoals:4 | Identified the ring "Ehajeom" {Wiz rPois Str+5 Dex-2} (You found it on level 4 of the Shoals)
 51381 | Shoals:4 | Reached XP level 22. HP: 162/209 MP: 33/33
 51397 | Shoals:4 | Noticed Bai Suzhen
 51664 | Shoals:4 | Noticed Ilsuiw
 51705 | Shoals:3 | Got a steaming spear {freeze}
 51706 | Shoals:3 | Identified the cursed +3 spear "Attilep" {freeze, Str+2} (You took it off a merfolk on level 3 of the Shoals)
 51887 | Shoals:3 | Killed Ilsuiw
 52045 | Shoals:4 | Killed Bai Suzhen
 53099 | Shoals:4 | Got a barnacled rune of Zot
 53876 | Vaults:4 | Reached skill level 21 in Axes
 53946 | Vaults:5 | Noticed Jory
 54078 | Vaults:5 | Noticed an ancient lich
 54525 | Vaults:4 | Killed Jory
 54600 | Vaults:4 | Killed a golden dragon
 54764 | Vaults:4 | Killed an ancient lich
 55104 | Vaults:4 | Reached XP level 23. HP: 205/220 MP: 34/34
 56524 | Vaults:5 | Got a steaming amethyst amulet
 56625 | Vaults:5 | Got a twisted spear
 56626 | Vaults:5 | Identified the +9 spear "Myrihud" {flame, rC+ Dex+4} (You found it on level 5 of the Vaults)
 56635 | Vaults:5 | Identified the amulet "Keutaushre" {Faith Dex+7} (You found it on level 5 of the Vaults)
 56714 | Vaults:5 | Got a silver rune of Zot
 57037 | Vaults:5 | Got a blackened war axe
 57038 | Vaults:5 | Identified the +9 war axe of Distraction {freeze, rC+} (You found it on level 5 of the Vaults)
 57042 | Vaults:5 | Identified the Compendium of Talismans and Poisoning
 58098 | Crypt:1  | Entered Level 1 of the Crypt
 58558 | Crypt:1  | Reached skill level 22 in Axes
 59643 | Crypt:2  | Noticed Mara
 59649 | Crypt:2  | Noticed Gargoyl's illusion
 59658 | Crypt:2  | Killed Mara
 59853 | Crypt:3  | Entered Level 3 of the Crypt
 59977 | Crypt:3  | Found a basalt altar of Yredelemnul.
 59997 | Crypt:3  | Reached XP level 24. HP: 231/231 MP: 34/34
 60686 | Crypt:3  | Reached skill level 23 in Axes
 60982 | Crypt:3  | Found a staircase to the Tomb.
 60995 | Crypt:3  | Identified the Almanac of Poisoning and Beguiling
 61638 | Tomb:1   | Entered Level 1 of the Tomb of the Ancients
 63281 | Depths:1 | Entered Level 1 of the Depths
 63282 | Depths:1 | Found Sel Muule's Gadget Shop.
 63282 | Depths:1 | Found Buptov's Jewellery Emporium.
 63367 | Depths:1 | Noticed the Enchantress
 63840 | Slime:1  | Entered Level 1 of the Pits of Slime
 63898 | Slime:1  | Lost mutation: You are resistant to hostile enchantments. (MR+) [a shining eye]
 63900 | Slime:1  | Gained mutation: You expend magic power (3 MP) to strengthen your wands. [a shining eye]
 64442 | Depths:1 | Killed the Enchantress
 64451 | Depths:1 | Got faerie dragon scales
 64452 | Depths:1 | Identified the +1 faerie dragon scales {rF+ rCorr Dex+2} (You took it off the Enchantress on level 1 of the Depths)
 64493 | Depths:1 | Found Haluoh's Jewellery Emporium.
 64586 | Depths:1 | Found a one-way gate to the infinite horrors of the Abyss.
 64623 | Depths:1 | Found Magyc's Serpentskin Sales.
 64768 | Depths:1 | Reached XP level 25. HP: 232/239 MP: 35/35
 65339 | Depths:1 | Found a gateway to Hell.
 65605 | Depths:2 | Reached skill level 24 in Axes
 65889 | Depths:2 | Noticed a juggernaut
 65899 | Depths:2 | Killed a juggernaut
 66231 | Depths:2 | Got a pair of polished boots
 66242 | Depths:2 | Identified the +0 pair of boots of Grottiness {rElec Stlth+} (You acquired it on level 2 of the Depths)
 66945 | Depths:3 | Noticed Boris
 66959 | Depths:3 | Killed Boris
 67248 | Depths:3 | Noticed an ancient lich
 67268 | Depths:3 | Killed an ancient lich
 68005 | Depths:3 | Reached XP level 26. HP: 232/252 MP: 35/35
 68041 | Depths:3 | Noticed a juggernaut
 68050 | Depths:3 | Killed a juggernaut
 68345 | Depths:3 | Reached skill level 25 in Axes
 68814 | Depths:3 | Paralysed by a floating eye for 4 turns
 68993 | Depths:3 | Found a one-way gate leading to the halls of Pandemonium.
 69210 | Depths:3 | Identified the Disquisition on Evil Arts
 69315 | Depths:4 | Found a gateway to a ziggurat.
 69335 | Depths:4 | Found a magical portal.
 69609 | Depths:4 | Found Waer's Gadget Shop.
 69698 | WizLab   | Entered The Hall of the Hellbinder
 69947 | WizLab   | Found a burning altar of Makhleb.
 69988 | WizLab   | Identified the Papyrus of Illusion
 70031 | WizLab   | Identified the Tome of the Escort
 71732 | Depths:5 | Entered Level 5 of the Depths
 71967 | Depths:5 | Paralysed by a floating eye for 3 turns
 72216 | Depths:5 | Found a gate to the Realm of Zot.
 72292 | Depths:5 | Found Herif's Armour Shop.
 72309 | Depths:5 | Found Deroyklym's One-of-a-Kind Books.
 72528 | Zot:1    | Entered Level 1 of the Realm of Zot
 72590 | Zot:1    | Reached XP level 27. HP: 128/263 MP: 36/36
 72957 | Zot:1    | Got a shimmering bronze ring
 72958 | Zot:1    | Identified the ring "Onteyrgh" {rElec rC+ Str+4 Int+4} (You found it on level 1 of the Realm of Zot)
 74664 | Zot:2    | Found a hazy altar of Hepliaklqana.
 75334 | Zot:3    | Reached skill level 26 in Axes
 75406 | Zot:3    | Noticed an orb of fire
 75408 | Zot:3    | Gained mutation: Your body sometimes deteriorates upon taking damage. [an orb of fire]
 75420 | Zot:3    | Gained mutation: You occasionally shout uncontrollably at your foes. [an orb of fire]
 75429 | Zot:3    | Gained mutation: Scrolls take you a little longer to read. [an orb of fire]
 75430 | Zot:3    | Killed an orb of fire
 78486 | Zot:5    | Entered Level 5 of the Realm of Zot
 78960 | Zot:5    | Noticed an ancient lich
 78967 | Zot:5    | Killed an ancient lich
 79036 | Zot:5    | Noticed an ancient lich
 79043 | Zot:5    | Killed an ancient lich
 79139 | Zot:5    | Noticed an ancient lich
 79152 | Zot:5    | Killed an ancient lich
 79192 | Zot:5    | Noticed an ancient lich
 79198 | Zot:5    | Killed an ancient lich
 79241 | Zot:5    | Noticed an ancient lich
 79254 | Zot:5    | Killed an ancient lich
 79264 | Zot:5    | Noticed an ancient lich
 79280 | Zot:5    | Paralysed by an ancient lich for 3 turns
 79287 | Zot:5    | Killed an ancient lich
 79521 | Zot:5    | Noticed an ancient lich
 79548 | Zot:5    | Killed an ancient lich
 79722 | Zot:5    | Noticed an ancient lich
 79736 | Zot:5    | Killed an ancient lich
 79931 | Zot:5    | Noticed an ancient lich
 79957 | Zot:5    | Killed an ancient lich
 80201 | Zot:5    | Noticed an orb of fire
 80224 | Zot:5    | Reached skill level 27 in Axes
 80228 | Zot:5    | Gained mutation: Your magical capacity is low. (-10% MP) [an orb of fire]
 80232 | Zot:5    | Killed an orb of fire
 80237 | Zot:5    | HP: 13/270 [yellow draconian/glob of acid (5)]
 80237 | Zot:5    | Splashed by a yellow draconian's acid

Skill      XL: |  1  2  3  4  5  6  7  8  9 10 11 12 13 14 15 16 17 18 19 20 21 22 23 24 25 26 27 |
---------------+----------------------------------------------------------------------------------+-----
Fighting       | 4 5 6 7 9 10 11 12 13 14 15 16 17 18 19 20 21 22 23 24 26 | 26.5
Polearms       | 1 2 3 4 5 6 9 10 | 10.8
Armour         | 3 4 5 6 7 9 10 12 14 15 16 17 18 19 20 21 22 23 24 26 | 26.4
Dodging        | 2 3 4 5 6 7 8 |  8.7
Stealth        | 1 |  1.5
Shields        | 1 2 3 4 5 6 7 8 10 12 13 14 15 16 18 19 20 21 22 23 26 | 26.3
Axes           | 4 8 11 12 14 15 16 17 18 19 20 21 22 23 24 25 27 | 27.0
Invocations    | 2 6 7 9 10 11 12 13 14 15 16 17 18 19 20 22 | 22.0
Throwing       | 1 |  1.1

Action                   |  1- 3 |  4- 6 |  7- 9 | 10-12 | 13-15 | 16-18 | 19-21 | 22-24 | 25-27 || total
-------------------------+-------+-------+-------+-------+-------+-------+-------+-------+-------++-------
Melee: Demon trident     |    44 |    82 |   253 |       |       |       |       |       |       ||   379
       Headbutt          |    10 |    12 |    77 |   109 |   373 |   569 |   536 |   719 |   963 ||  3368
       War axe           |       |       |   109 |   520 |  1293 |  1519 |  1689 |  1744 |  2192 ||  9066
Throw: Tomahawk          |       |       |       |     4 |     3 |     4 |     1 |       |       ||    12
       Javelin           |       |       |       |       |       |       |     3 |     1 |       ||     4
Invok: Depart the Abyss  |     1 |       |       |       |       |       |       |       |       ||     1
       Bend Space        |       |       |       |     7 |       |     3 |     1 |     4 |     8 ||    23
       Banish            |       |       |       |    11 |     3 |     8 |     9 |    27 |       ||    58
       Corrupt           |       |       |       |       |     1 |       |     1 |       |       ||     2
Evoke: Wand              |       |       |       |       |       |       |     1 |       |       ||     1
  Use: Scroll            |     2 |       |    16 |    15 |    10 |    15 |    18 |    22 |    14 ||   112
       Potion            |     1 |     1 |     2 |     6 |    14 |    15 |     9 |     3 |     4 ||    55
 Stab: Held in net/web   |       |       |       |       |       |       |     2 |       |       ||     2
       Distracted        |       |       |       |       |       |       |       |     1 |     1 ||     2
       Paralysed         |       |       |       |       |       |       |       |     1 |     1 ||     2
       Confused          |       |       |       |       |       |       |       |       |     3 ||     3
  Eat: Chunk             |     2 |     5 |     7 |    25 |    42 |    42 |    42 |    15 |    23 ||   203
       Bread ration      |       |       |     3 |     2 |     1 |     2 |       |     9 |     5 ||    22
       Royal jelly       |       |       |       |       |     1 |       |       |       |       ||     1
       Meat ration       |       |       |       |       |       |       |       |       |     1 ||     1
Armor: Leather armour    |     2 |       |       |       |       |       |       |       |       ||     2
       Ring mail         |    23 |    38 |     7 |       |       |       |       |       |       ||    68
       Scale mail        |       |       |    16 |       |       |       |       |       |       ||    16
       Chain mail        |       |       |   164 |   108 |       |       |       |       |       ||   272
       Crystal plate arm |       |       |       |   429 |    18 |       |       |       |       ||   447
       Plate armour      |       |       |       |       |   865 |   948 |   599 |   963 |  1189 ||  4564
Dodge: Dodged            |    40 |    61 |   150 |   237 |   537 |   632 |   526 |   721 |   866 ||  3770
       Deflected         |       |       |       |       |       |    31 |    49 |       |       ||    80
Block: Buckler           |       |       |    48 |   149 |   549 |   804 |  1287 |  1662 |  1989 ||  6488
       Reflection        |       |       |       |       |       |    30 |   192 |   158 |   209 ||   589
